 Dungeon Crawl Stone Soup version 0.23.2-40-g277498a001 (webtiles) character file.

Game seed: 11599343136665147572

408 Nygeryga the Cudgeler (level 6, -3/57 HPs)
             Began as a Minotaur Berserker on May 26, 2019.
             Was a Priest of Trog.
             Killed by nerve-wracking pain
             ... invoked by an orc priest
              (10 damage)
             ... on level 4 of the Dungeon on Aug 20, 2019.
             The game lasted 00:07:21 (2811 turns).

Nygeryga the Cudgeler (Minotaur Berserker)          Turns: 2811, Time: 00:07:22

Health: -3/57      AC:  8    Str: 24    XL:     6   Next: 57%
Magic:  5/5        EV:  5    Int:  4    God:    Trog [***...]
Gold:   137        SH:  7    Dex:  9    Spells: 5/5 levels left

rFire    . . .     SeeInvis .   o - +0 flail
rCold    . . .     Gourm    .   l - +0 shield
rNeg     . . .     Faith    .   f - +0 chain mail
rPois    .         Spirit   .   (helmet restricted)
rElec    .         Reflect  .   (no cloak)
rCorr    .         Harm     .   (no gloves)
MR       +....                  (no boots)
Stlth    ..........             (no amulet)
HPRegen  0.19/turn              u - ring of protection from magic
MPRegen  0.09/turn              (no ring)

@: no status effects
A: retaliatory headbutt, horns 2
a: Berserk, Trog's Hand, Renounce Religion


You were on level 4 of the Dungeon.
You worshipped Trog.
Trog was most pleased with you.
You were not hungry.

You visited 1 branch of the dungeon, and saw 4 of its levels.

You collected 137 gold pieces.

Inventory:

Hand Weapons
 a - a +1 mace
 o - a +0 flail (weapon)
Armour
 b - a +0 animal skin
 f - a +0 chain mail (worn)
 l - a +0 shield (worn)
Jewellery
 q - an uncursed ring of protection from cold {unknown}
 u - a ring of protection from magic (left hand)
Wands
 t - a wand of acid (5)
Scrolls
 g - 2 scrolls of immolation
 i - a scroll of remove curse
 j - 3 scrolls of identify
 m - a scroll of enchant weapon
 p - a scroll of teleportation {unknown}
 w - 2 scrolls of magic mapping
Potions
 e - 2 potions of curing {unknown}
 h - a potion of flight {unknown}
 k - a potion of might {unknown}
 n - a potion of lignification {unknown}
 r - a potion of brilliance {unknown}
 s - a potion of invisibility {unknown}
 v - a potion of magic {unknown}
Comestibles
 c - 6 rations
 d - 4 chunks of flesh


   Skills:
 + Level 5.9 Fighting
 * Level 7.6 Maces & Flails
 - Level 2.4 Armour
 - Level 2.1 Dodging


You had 5 spell levels left.
You didn't know any spells.
Your spell library was empty.

Dungeon Overview and Level Annotations

Branches:
Dungeon (4/15)
 Temple: D:4-7

Altars:
Qazlal
Ru
Uskayaw


Innate Abilities, Weirdness & Mutations

You reflexively headbutt those who attack you in melee.
You have a pair of horns on your head.


Message History

You headbutt something. Something hits you. Something shocks you.
* * * LOW HITPOINT WARNING * * *
You hit something. Your headbutt misses something.
Something hits you but does no damage.
You hit something but do no damage. Your headbutt misses something.
Something hits you.
* * * LOW HITPOINT WARNING * * *
Something shocks you.
* * * LOW HITPOINT WARNING * * *
Your shield and chain mail prevent you from hitting something.
Something hits you but does no damage.
You hit something but do no damage. Your headbutt misses something.
Something hits you.
* * * LOW HITPOINT WARNING * * *
Something shocks you.
* * * LOW HITPOINT WARNING * * *
You closely miss something.
The orc priest invokes the aid of Beogh against you.
Pain shoots through your body!
You die...

#... ## #..# ..# #..# ..#
#..##<.# #......###
#......... #.{....... ###
##.@.(..... ####.###
##...†#.#... #.##...##
##..#....#
###...##.###.o##..#.>...
...#.###..#...##.##.....
>..............#.# ..#.
.................# .#
.......#...##.........###
##....###...##..........


You could see an orc priest.

Vanquished Creatures
  An eye of draining (D:3)
  2 orc priests
  An iguana (D:4)
  2 worker ants (D:3)
  11 adders
  A shadow imp (D:3)
  An ooze (D:2)
  A dart slug (D:2)
  A leopard gecko (D:2)
  14 orcs
  6 bats
  2 giant cockroaches
  3 goblins (D:1)
  4 hobgoblins
  2 jackals (D:2)
  A quokka (D:2)
  A ball python (D:1)
  4 frilled lizards
  8 kobolds
  15 rats
81 creatures vanquished.

Notes
Turn   | Place    | Note
-------+----------+-------------------------------------------
     0 | D:1      | Nygeryga the Minotaur Berserker began the quest for the
                  | Orb.
     0 | D:1      | Reached XP level 1. HP: 19/19 MP: 0/0
   138 | D:1      | Reached skill level 4 in Maces & Flails
   249 | D:1      | Reached XP level 2. HP: 24/27 MP: 1/1
   669 | D:2      | Reached XP level 3. HP: 33/33 MP: 2/2
   854 | D:2      | Reached skill level 5 in Maces & Flails
   924 | D:2      | Reached XP level 4. HP: 41/41 MP: 3/3
   929 | D:2      | Reached ** piety under Trog
  1338 | D:3      | Found a sacrificial altar of Ru.
  1525 | D:3      | Noticed an eye of draining
  1538 | D:3      | Reached skill level 5 in Fighting
  1538 | D:3      | Reached skill level 6 in Maces & Flails
  1538 | D:3      | Reached XP level 5. HP: 40/48 MP: 0/4
  1544 | D:3      | Killed an eye of draining
  1844 | D:3      | Reached skill level 7 in Maces & Flails
  1844 | D:3      | Reached XP level 6. HP: 38/56 MP: 5/5
  2117 | D:3      | Found a sacrificial altar of Ru.
  2124 | D:3      | Found a stormy altar of Qazlal.
  2133 | D:3      | Found a hide-covered altar of Uskayaw.
  2641 | D:4      | Upgraded the game from 0.23.2-1-ga50397a6bc to
                  | 0.23.2-40-g277498a001
  2666 | D:4      | Reached *** piety under Trog
  2793 | D:4      | Noticed a sky beast
  2811 | D:4      | Killed from afar by an orc priest

Skill      XL: |  1  2  3  4  5 |
---------------+----------------+-----
Maces & Flails | 4 5 6 7 |  7.6
Fighting       | 4 5 |  5.9
Armour         | |  2.4
Dodging        | |  2.1

Action                   |  1- 3 |  4- 6 || total
-------------------------+-------+-------++-------
Melee: Mace              |    62 |   119 ||   181
       Headbutt          |     8 |    21 ||    29
       Flail             |       |    39 ||    39
  Use: Scroll            |       |     7 ||     7
  Eat: Chunk             |       |     6 ||     6
Armor: Animal skin       |     2 |       ||     2
       Chain mail        |    44 |    71 ||   115
Dodge: Dodged            |    29 |    34 ||    63
Block: Shield            |     8 |    49 ||    57
